 Dungeon Crawl Stone Soup version 0.27-a0-1139-g28e009f8a6 (webtiles) character file.

Game seed: 16690281091769314606

122 Feb132020 the Stinger (level 5, -1/36 HPs)
             Began as a Merfolk Venom Mage on May 8, 2021.
             Slain by an orc
             ... wielding a +0 mace
              (7 damage)
             ... on level 4 of the Dungeon.
             The game lasted 00:09:03 (1946 turns).

Feb132020 the Stinger (Merfolk Venom Mage)          Turns: 1946, Time: 00:09:03

Health: -1/36      AC:  2    Str:  8    XL:     5   Next: 6%
Magic:  0/8        EV: 13    Int: 16    God:
Gold:   49         SH:  0    Dex: 14    Spells: 6/9 levels left

rFire    . . .     SeeInvis .   g - +0 spear
rCold    . . .     Faith    .   (no shield)
rNeg     . . .     Spirit   .   a - +0 robe
rPois    +         Reflect  .   (no helmet)
rElec    .         Harm     .   (no cloak)
rCorr    .         Rampage  .   (no gloves)
Will     .....                  (no boots)
Stlth    ++........             (no amulet)
HPRegen  0.12/turn              k - ring of poison resistance
MPRegen  0.11/turn              (no ring)

@: no status effects
A: (nimble swimmer 2), mertail
a: no special abilities


You were on level 4 of the Dungeon.
You visited 1 branch of the dungeon, and saw 3 of its levels.

You collected 79 gold pieces.
You spent 30 gold pieces at shops.

Inventory:

Hand Weapons
 g - a +0 spear (weapon)
Armour
 a - a +0 robe (worn)
Jewellery
 k - a ring of poison resistance (left hand)
Scrolls
 b - a scroll of identify {unknown}
 f - a scroll of torment {unknown}
 i - a scroll of brand weapon {unknown}
 l - a scroll of amnesia {unknown}
Potions
 c - a potion of might {unknown}
 d - a potion of lignification {unknown}
 e - 3 potions of brilliance {unknown}
 h - a potion of curing {unknown}
 j - a potion of degeneration {unknown}


   Skills:
 + Level 0.3 Fighting
 + Level 2.7 Polearms
 + Level 3.1 Dodging
 + Level 3.2 Stealth
 + Level 2.5 Spellcasting
 + Level 1.9 Transmutations
 + Level 4.3 Poison Magic


You had 6 spell levels left.
You knew the following spells:

 Your Spells              Type           Power      Damage    Failure   Level
a - Sting                 Tmut/Pois      48%        1d5       5%          1
b - Poisonous Vapours     Pois/Air       16%        N/A       12%         2

Your spell library contained the following spells:

 Spells                   Type           Power      Damage    Failure   Level
 Ignite Poison            Fire/Tmut/Pois 8%         N/A       26%         3
 Mephitic Cloud           Conj/Pois/Air  6%         N/A       32%         3
 Olgreb's Toxic Radiance  Pois           15%        N/A       32%         4


Dungeon Overview and Level Annotations

Branches:
Dungeon (2/15)

Altars:

Shops:
D:1 (


Innate Abilities, Weirdness & Mutations

((You are quick and stealthy near water. (Stealth+, EV+, Speed+++)))
Your lower body shifts to a powerful aquatic tail in water.


Message History

Press: ? - help, Shift-Dir - straight line, f/p - orc priest
Aim: an orc priest, wielding a +0 hand axe (heavily wounded, 71% to hit)
The sting hits the orc priest.
The orc priest is poisoned.
The orc priest is heavily wounded.
The orc priest completely misses you.
You hit the orc priest.
The orc priest is severely wounded.
The orc priest hits you with a +0 hand axe.
You hit the orc priest.
You kill the orc priest!
An orc comes into view. It is wielding a +0 mace.
You have reached level 5!
You feel clever.
Unknown command.
Unknown command.
Unknown command.
Casting: Sting (safe; 5% risk of failure)
Confirm with . or Enter, or press ? or * to list all spells.
Aiming: Sting (safe; 5% risk of failure)
Press: ? - help, Shift-Dir - straight line, f - orc
Aim: an orc, wielding a +0 mace and wearing a +0 ring mail (wandering, hasn't noticed you, 75% to hit)
The sting hits the orc but does no damage.
The orc is poisoned.
You hit the orc but do no damage. The orc hits you with a +0 mace.
You are too injured to fight recklessly!
You closely miss the orc. The orc barely misses you.
Your magical contamination has completely faded away.
You closely miss the orc. The orc hits you with a +0 mace.
You hit the orc but do no damage.
The orc is lightly wounded.
The orc hits you with a +0 mace.
* * * LOW HITPOINT WARNING * * *
You hit the orc.
The orc is severely wounded.
The orc hits you with a +0 mace.
* * * LOW HITPOINT WARNING * * *
You closely miss the orc.
The orc is severely wounded.
The orc hits you with a +0 mace!
You die...

......# #.#
#....# #.#
#....##### ..#
#........######.#
#...###.........#
#...##
##....###.#######
#...
####o........[Z.
..#. #####)######
...o #@# . ..
#o....... ###
.......## #..
#######... ##


You could see an orc (poisoned).

Vanquished Creatures
  An orc priest (D:4)
  An orc wizard (D:4)
  A gnoll (D:1)
  An adder (D:2)
  A worm (D:2)
  2 dart slugs
  5 endoplasms
  4 giant cockroaches
  4 hobgoblins
  5 jackals
  A quokka (D:1)
  2 ball pythons (D:1)
  3 bats
  3 frilled lizards
  4 kobolds
  A rat (D:2)
39 creatures vanquished.

Vanquished Creatures (others)
  7 toadstools (D:2)
7 creatures vanquished.

Grand Total: 46 creatures vanquished

Notes
Turn   | Place    | Note
-------+----------+-------------------------------------------
     0 | D:1      | Feb132020 the Merfolk Venom Mage began the quest for the
                  | Orb.
     0 | D:1      | Reached XP level 1. HP: 13/13 MP: 3/3
   134 | D:1      | Reached XP level 2. HP: 19/19 MP: 1/5
   137 | D:1      | Learned a level 2 spell: Poisonous Vapours
   370 | D:1      | Found a faded altar of an unknown god.
   751 | D:1      | Reached XP level 3. HP: 24/24 MP: 4/6
   823 | D:1      | Reached skill level 4 in Poison Magic
   859 | D:1      | Found Ruasal's Weapon Shop.
   868 | D:1      | Bought a +0 spear for 30 gold pieces
  1630 | D:2      | Reached XP level 4. HP: 30/30 MP: 4/7
  1910 | D:2      | You fall into a shaft and drop 2 floors!
  1917 | D:4      | Noticed an angel
  1940 | D:4      | Reached XP level 5. HP: 19/36 MP: 1/8
  1946 | D:4      | Slain by an orc

Illustrated notes

Levels and vault maps discovered:
D:1:      lemuel_arrival_funnel, layout_rooms,
          ebering_ecumenical_altar_abandoned, serial_shops, shop
D:2:      cheibrodos_fertilizer, layout_basic
D:4:      minmay_chambers_of_twos, layout_rooms,
          grunt_temple_overflow_order_and_chaos_1, nzn_wu_jian_contemplation,
          chequers_arboretum, uniq_robin

Skill      XL: |  1  2  3  4 |
---------------+-------------+-----
Poison Magic   | 4 |  4.3
Dodging        | 3 |  3.1
Stealth        | 3 |  3.2
Polearms       | 2 |  2.7
Fighting       | |  0.3
Spellcasting   | |  2.5
Transmutations | |  1.9

Action                   |  1- 3 |  4- 6 || total
-------------------------+-------+-------++-------
Melee: Unarmed           |     3 |       ||     3
       Spear             |    52 |    30 ||    82
 Cast: Sting             |    36 |     7 ||    43
       Poisonous Vapours |     3 |     1 ||     4
 Stab: Sleeping          |     6 |       ||     6
Armor: Robe              |    10 |     3 ||    13
Dodge: Dodged            |    46 |    17 ||    63

Table legend: (Time is in decaauts)
 A = Elapsed time spent in this place.
 B = Non-inter-level travel time spent in this place.
 C = Inter-level travel time spent in this place.
 D = Time resting spent in this place.
 E = Time spent auto-exploring this place.
 F = Levels seen in this place.
 G = Mean time per level.
                   A        B        C        D        E       F      G
               +--------+--------+--------+--------+--------+-----+--------+
         Total |   1951 |   1920 |     31 |     21 |   1536 |   3 |  650.3 |
       Dungeon |   1951 |   1920 |     31 |     21 |   1536 |   3 |  650.3 |
               +--------+--------+--------+--------+--------+-----+--------+

Top non-repeatable levels by time:
     D:1: 971 daAuts
     D:2: 944 daAuts
     D:4: 35 daAuts
